 Dungeon Crawl Stone Soup version 0.26.1-2-gb8aa6d0cf2 (webtiles) character file.

Game seed: 1026220334796430842

14011 DasRunzen the Destroyer (level 11, -11/103 HPs)
             Began as a Demigod Conjurer on Feb 10, 2021.
             Mangled by a boulder beetle (48 damage)
             ... on level 12 of the Dungeon.
             The game lasted 00:37:54 (14337 turns).

DasRunzen the Destroyer (Demigod Conjurer)         Turns: 14337, Time: 00:37:55

Health: -11/103    AC: 14    Str: 16    XL:     11   Next: 53%
Magic:  14/34      EV: 16    Int: 22    God:
Gold:   226        SH:  0    Dex: 14    Spells: 19/24 levels left

rFire    . . .     SeeInvis .   D - +5 demon whip "Ifit" {vamp, Stlth+}
rCold    . . .     Faith    .   (no shield)
rNeg     . . .     Spirit   .   r - +2 troll leather armour {Purgy}
rPois    +         Reflect  .   (no helmet)
rElec    .         Harm     .   e - +0 cloak
rCorr    .         Rampage  .   A - +2 pair of gloves
Will     +....     Rnd*Tele +   k - +0 pair of boots
Stlth    +++.......             (no amulet)
HPRegen  0.67/turn              E - ring of poison resistance
MPRegen  0.24/turn              y - ring of magical power

@: no status effects
A: rugged brown scales 1, blink, high mp 1, robust 1, teleportitis 2
a: Blink


You were on level 12 of the Dungeon.
You visited 2 branches of the dungeon, and saw 13 of its levels.
You also visited: Sewer.

You collected 986 gold pieces.
You spent 760 gold pieces at shops.

Inventory:

Hand Weapons
 h - the +1 dagger of Poverty {vorpal, rN+ Str+6}
   (You found it on level 9 of the Dungeon)

   It inflicts extra damage upon your enemies.
   It affects your strength (+6).
   It protects you from negative energy.
 D - the +5 demon whip "Ifit" (weapon) {vamp, Stlth+}
   (You bought it in a shop on level 11 of the Dungeon)

   It inflicts no extra harm, but heals its wielder when it wounds a living foe.
   It makes you more stealthy.
Armour
 e - a +0 cloak (worn)
 k - a +0 pair of boots (worn)
 r - a +2 troll leather armour (worn) {Purgy}
 z - a +0 buckler
 A - a +2 pair of gloves (worn)
Magical Staves
 x - an uncursed staff of cold
 B - an uncursed staff of air
 F - an uncursed staff of earth
Jewellery
 v - an uncursed ring of see invisible
 y - a ring of magical power (right hand)
 E - a ring of poison resistance (left hand)
Wands
 g - a wand of acid (17)
 j - a wand of digging (7)
 l - a wand of iceblast (5)
 n - a wand of polymorph (7)
 u - a wand of paralysis (7)
 G - a wand of random effects (13)
Scrolls
 a - a scroll of magic mapping
 c - 10 scrolls of teleportation
 m - 2 scrolls of fear
 o - 6 scrolls of remove curse
 q - 6 scrolls of identify
 s - a scroll of fog
Potions
 b - 2 potions of might
 d - 3 potions of invisibility
 f - 7 potions of curing
 i - 4 potions of heal wounds
 p - 2 potions of resistance
 t - 2 potions of magic
 w - 3 potions of haste
 C - a potion of berserk rage


   Skills:
 + Level 7.4 Fighting
 + Level 2.6 Maces & Flails
 + Level 7.5 Armour
 + Level 7.8 Dodging
 - Level 1.7 Stealth
 + Level 2.4 Shields
 + Level 7.1 Spellcasting
 + Level 8.5 Conjurations
 + Level 3.4 Hexes


You had 19 spell levels left.
You knew the following spells:

 Your Spells              Type           Power        Failure   Level
a - Magic Dart            Conj           100%         1%          1
b - Searing Ray           Conj           90%          1%          2
c - Slow                  Hex            23%          3%          2

Your spell library contained the following spells:

 Spells                   Type           Power        Failure   Level
 Shock                    Conj/Air       100%         1%          1
 Corona                   Hex            25%          2%          1
 Dazzling Flash           Conj/Hex       68%          2%          3
 Static Discharge         Conj/Air       26%          4%          3
 Fulminant Prism          Conj/Hex       17%          9%          4
 Swiftness                Air            7%           14%         2
 Inner Flame              Hex/Fire       15%          14%         3
 Portal Projectile        Hex/Tloc       30%          14%         3
 Iskenderun's Mystic Bla  Conj/Tloc      26%          17%         4
 Cause Fear               Hex            11%          22%         4
 Leda's Liquefaction      Hex/Erth       7%           43%         4
 Lightning Bolt           Conj/Air       13%          43%         5
 Airstrike                Air            3%           67%         4


Dungeon Overview and Level Annotations

Branches:
Dungeon (12/15)            Temple (0/1) D:7            Lair (1/6) D:10
    Orc (0/2) D:12          Sewer (visited)

Shops:
D:11 (   D:12 (

Portals:
Trove: D:12 (give 17 scrolls of teleportation)

Annotations:
D:8 exclusion: orange crystal statue


Innate Abilities, Weirdness & Mutations

You have an increased reservoir of magic. (+10% MP)
You are partially covered in rugged brown scales. (AC +1, +3% HP)
You can translocate small distances at will.
You are robust. (+10% HP)
You are sometimes teleported next to monsters.


Message History

The searing ray hits the boulder beetle.
The boulder beetle is almost dead.
The boulder beetle leaps!
The searing ray hits the boulder beetle but does no damage.
The boulder beetle is almost dead.
You finish channeling your searing ray.
The boulder beetle is no longer moving slowly.
The boulder beetle curls into a ball and begins rolling!
Casting: Searing Ray (safe; 1% risk of failure)
Confirm with . or Enter, or press ? or * to list all spells.
Aiming: Searing Ray (safe; 1% risk of failure)
Press: ? - help, Shift-Dir - straight line, f/p - boulder beetle
Aim: a boulder beetle (almost dead, 0% to evade)
The searing ray hits the boulder beetle!
The boulder beetle is almost dead. (Press . to maintain the ray.)
The searing ray hits the boulder beetle but does no damage.
The boulder beetle is almost dead.
The boulder beetle hits you!!!
You die...

#.........# ###.###
###.....### ##.(.......##
##...8...8...##
##........[....##
#...............#
#.8[..........8.#
#......@B.......#
#..[.....○......#
#.........°.....#..
#.8(..........8.#..
#...............#.#
##........(....##.# ####
##.†.8...8..)###.# #...
###.........####.###...
#####.###.....###......#...


You could see a boulder beetle.

Vanquished Creatures
  A hydra (Lair:1)
  2 two-headed ogres
  2 manticores
  A cyclops (D:12)
  2 ugly things
  A centaur zombie (D:12)
  A cane toad (D:10)
  2 komodo dragons (Lair:1)
  5 trolls
  2 shadows (D:12)
  3 yaks (D:12)
  A wraith (D:12)
  A wyvern (D:12)
  Menkaure (D:7)
  A vampire mosquito (D:12)
  4 water moccasins
  Purgy (Sewer)
  6 orc warriors
  A black bear (D:10)
  An eye of draining (D:12)
  3 ice beasts
  6 ogres
  2 sky beasts
  A phantom (D:10)
  5 wolves
  9 centaurs
  A big kobold (D:7)
  A wyvern zombie (D:12)
  8 bullfrogs
  4 scorpions
  A wyvern skeleton (D:6)
  12 killer bees
  3 howler monkeys
  4 quasits
  The ghost of iamserjio the Changer, a weakling VSTm (D:3)
  4 bullfrog zombies
  7 orc priests
  9 orc wizards
  A centaur skeleton (D:9)
  8 hounds
  2 jellies
  4 iguanas
  Natasha (thrice) (D:3)
  10 worker ants
  A hound zombie (D:6)
  A hound skeleton (D:9)
  11 adders
  3 gnolls (D:2)
  3 white imps
  An adder skeleton (D:8)
  2 worms
  A dart slug (D:1)
  4 leopard geckos
  36 orcs
  3 ball pythons
  2 giant cockroaches
  8 goblins
  7 hobgoblins
  19 jackals
  A quokka (D:12)
  A ball python skeleton (D:4)
  7 bats
  7 frilled lizards
  13 kobolds
  A leopard gecko zombie (D:8)
  7 rats
287 creatures vanquished.

Vanquished Creatures (others)
  A fungus (Lair:1)
1 creature vanquished.

Grand Total: 288 creatures vanquished

Notes
Turn   | Place    | Note
-------+----------+-------------------------------------------
     0 | D:1      | DasRunzen the Demigod Conjurer began the quest for the Orb.
     0 | D:1      | Reached XP level 1. HP: 14/14 MP: 5/5
   499 | D:1      | Reached XP level 2. HP: 22/22 MP: 1/7
   502 | D:1      | Learned a level 2 spell: Searing Ray
  1618 | D:2      | Reached skill level 1 in Fighting
  1618 | D:2      | Reached skill level 1 in Armour
  1618 | D:2      | Reached XP level 3. HP: 28/28 MP: 2/8
  2341 | D:2      | Found an iron altar of Okawaru.
  2589 | D:2      | Reached XP level 4. HP: 14/35 MP: 6/10
  2591 | D:2      | Reached skill level 4 in Conjurations
  3482 | D:3      | Reached XP level 5. HP: 41/41 MP: 1/11
  3486 | D:3      | Noticed Natasha
  3497 | D:3      | Killed Natasha
  3587 | D:3      | Noticed Natasha
  3597 | D:3      | Killed Natasha
  3735 | D:3      | Found a shimmering altar of Xom.
  3760 | D:3      | Found a runed translucent gate.
  3761 | D:3      | Found a runed translucent gate.
  3762 | D:3      | Found a runed translucent gate.
  3763 | D:3      | Found an opulent altar of Gozag.
  3766 | D:3      | Noticed iamserjio's ghost (weakling VSTm)
  4005 | D:3      | Noticed Natasha
  4008 | D:3      | Killed Natasha
  4090 | D:3      | Killed iamserjio's ghost
  4606 | D:4      | Reached XP level 6. HP: 27/49 MP: 7/13
  4897 | D:4      | Gained mutation: You have sharp toenails. [potion of
                  | mutation]
  4897 | D:4      | Gained mutation: You are partially covered in rugged brown
                  | scales. (AC +1, +3% HP) [potion of mutation]
  4898 | D:4      | Lost mutation: You have sharp toenails. [potion of
                  | mutation]
  4898 | D:4      | Gained mutation: You are occasionally teleported next to
                  | monsters. [potion of mutation]
  4898 | D:4      | Gained mutation: Your body sometimes deteriorates upon
                  | taking damage. [potion of mutation]
  4898 | D:4      | Gained mutation: You occasionally shout uncontrollably at
                  | your foes. [potion of mutation]
  4898 | D:4      | Gained mutation: You are robust. (+10% HP) [potion of
                  | mutation]
  5053 | D:4      | Found a sparkling altar of Nemelex Xobeh.
  5165 | D:5      | Entered Level 5 of the Dungeon
  5475 | D:5      | Reached XP level 7. HP: 49/64 MP: 2/15
  5656 | D:5      | Found a glowing silver altar of Zin.
  5672 | D:5      | Reached skill level 5 in Conjurations
  6267 | D:6      | Found a glowing drain.
  6286 | Sewer    | Entered a sewer
  6346 | Sewer    | Noticed Purgy
  6351 | Sewer    | Killed Purgy
  6705 | D:6      | Reached XP level 8. HP: 33/74 MP: 12/17
  6855 | D:6      | Found a burning altar of Makhleb.
  7471 | D:7      | Found a hazy altar of Hepliaklqana.
  7537 | D:7      | Reached skill level 6 in Conjurations
  7547 | D:7      | Lost mutation: Your body sometimes deteriorates upon taking
                  | damage. [potion of mutation]
  7547 | D:7      | Gained mutation: You are strong-willed. (Will+) [potion of
                  | mutation]
  7618 | D:7      | Noticed Menkaure
  7625 | D:7      | Killed Menkaure
  7626 | D:7      | Reached skill level 5 in Dodging
  7920 | D:7      | Found a staircase to the Ecumenical Temple.
  8338 | D:8      | Reached XP level 9. HP: 78/82 MP: 20/20
  8370 | D:8      | Reached skill level 5 in Fighting
  8370 | D:8      | Reached skill level 5 in Spellcasting
  8393 | D:8      | Reached skill level 5 in Armour
  8813 | D:8      | Noticed an orange crystal statue
  9948 | D:9      | Got a steaming dagger
  9949 | D:9      | Identified the +1 dagger of Poverty {vorpal, rN+ Str+6}
                  | (You found it on level 9 of the Dungeon)
 10357 | D:9      | Reached skill level 7 in Conjurations
 10793 | D:10     | Entered Level 10 of the Dungeon
 10952 | D:10     | Noticed a two-headed ogre
 10993 | D:9      | Killed a two-headed ogre
 10994 | D:9      | Reached XP level 10. HP: 46/93 MP: 22/22
 11352 | D:10     | Learned a level 2 spell: Slow
 11637 | D:10     | Found a staircase to the Lair.
 11727 | Lair:1   | Entered Level 1 of the Lair of Beasts
 11727 | Lair:1   | Noticed a four-headed hydra
 11735 | Lair:1   | Killed a four-headed hydra
 11736 | Lair:1   | Reached skill level 1 in Hexes
 11915 | Lair:1   | Lost mutation: You occasionally shout uncontrollably at
                  | your foes. [potion of mutation]
 11915 | Lair:1   | Lost mutation: You are strong-willed. (Will+) [potion of
                  | mutation]
 11915 | Lair:1   | Gained mutation: You are sometimes teleported next to
                  | monsters. [potion of mutation]
 11915 | Lair:1   | Gained mutation: You can translocate small distances at
                  | will. [potion of mutation]
 12206 | Lair:1   | Noticed a death yak
 12206 | Lair:1   | Noticed a death yak
 12206 | Lair:1   | Noticed a death yak
 12457 | D:11     | Found Caeblez's Antique Weapon Boutique.
 12474 | D:11     | Bought a glimmering demon whip for 760 gold pieces
 12474 | D:11     | Identified the +5 demon whip "Ifit" {vamp, Stlth+} (You
                  | bought it in a shop on level 11 of the Dungeon)
 12905 | D:11     | Noticed a purple ugly thing
 12913 | D:11     | Killed a purple ugly thing
 13083 | D:11     | Got an ichor-stained leather armour
 13084 | D:11     | Identified the cursed +1 leather armour of the Ego {Rampage
                  | rPois rN++ Int-4} (You found it on level 11 of the Dungeon)
 13170 | D:11     | Noticed a manticore
 13179 | D:11     | Killed a manticore
 13180 | D:11     | Reached skill level 1 in Maces & Flails
 13180 | D:11     | Reached skill level 8 in Conjurations
 13180 | D:11     | Reached XP level 11. HP: 26/102 MP: 25/25
 13367 | D:12     | Found Jimne's Weapon Boutique.
 13414 | D:12     | Reached skill level 1 in Shields
 13703 | D:12     | Found a portal to a secret trove of treasure.
 13893 | D:12     | Noticed a two-headed ogre
 13907 | D:12     | Killed a two-headed ogre
 14063 | D:12     | Found a staircase to the Orcish Mines.
 14285 | D:12     | Noticed a boulder beetle
 14337 | D:12     | Mangled by a boulder beetle

Illustrated notes

Levels and vault maps discovered:
D:1:      lightli_arrival_chessboard, layout_basic
D:2:      layout_loops_ring, okawaru_trees_1
D:3:      layout_loops_ring, lemuel_doored_altar, ebering_ghost_gozag,
          uniq_natasha
D:4:      layout_loops_cross, nemelex_diamond_rough_becter
D:5:      layout_cave_pools, basic_altar
D:6:      layout_cave_pools, makhleb_heckhound_becter,
          cheibrodos_sewer_entry_sluice, chequers_serial_rivers_room_a,
          kennysheep_generic_room_7
D:7:      layout_basic, nzn_hepliaklqana_mist_gate,
          minmay_temple_entry_statues_pillars, minmay_holes, uniq_menkaure
D:8:      minmay_statue_hallways, layout_loops_corners
D:9:      layout_loops_cross
D:10:     layout_rooms, lair_entry_dummy
D:11:     layout_roguey, serial_shops, nicolae_shop_waterfront
D:12:     kennysheep_green_arena, layout_rooms, orc_0_dummy, serial_shops, shop,
          nicolae_trove_entry_isolated
Lair:1:   beast_lair_carwin_large_2, layout_small_grid, serial_rivers,
          chequers_serial_rivers_small_3, chequers_serial_rivers_small_b,
          chequers_serial_rivers_large_b, chequers_serial_rivers_room_a,
          chequers_serial_rivers_micro_a, chequers_serial_rivers_micro_e,
          uniq_sonja

Skill      XL: |  1  2  3  4  5  6  7  8  9 10 11 |
---------------+----------------------------------+-----
Dodging        | 2 3 4 5 6 7 |  7.8
Spellcasting   | 2 3 4 5 6 7 |  7.1
Fighting       | 1 2 3 4 6 7 |  7.4
Armour         | 1 2 3 4 6 7 |  7.5
Conjurations   | 4 5 6 7 8 |  8.5
Hexes          | 2 3 |  3.4
Maces & Flails | 1 2 |  2.6
Shields        | 2 |  2.4
Stealth        | |  1.7

Action                   |  1- 3 |  4- 6 |  7- 9 | 10-12 || total
-------------------------+-------+-------+-------+-------++-------
Melee: Unarmed           |     5 |       |       |       ||     5
       Dagger            |       |    32 |   308 |    61 ||   401
       War axe           |       |       |    81 |       ||    81
       Demon whip        |       |       |       |   158 ||   158
 Cast: Magic Dart        |    78 |    28 |    10 |    10 ||   126
       Searing Ray       |     3 |    20 |    43 |    59 ||   125
       Slow              |       |       |       |     2 ||     2
 Abil: Blink             |       |       |       |     5 ||     5
  Use: Scroll            |     4 |    11 |     9 |     5 ||    29
       Potion            |       |     2 |     3 |     1 ||     6
 Stab: Distracted        |       |     1 |     1 |       ||     2
       Sleeping          |       |       |     5 |     5 ||    10
Armor: Robe              |     3 |    19 |    25 |       ||    47
       Troll leather arm |       |       |   170 |   140 ||   310
Dodge: Dodged            |    22 |    37 |   488 |   357 ||   904
